 Dungeon Crawl Stone Soup version 0.30-a0-279-g4b46babb21 (webtiles) character file.

Game seed: 608106102973249793

3066 themarg the Fighter (level 9, -2/93 HPs)
             Began as a Minotaur Fighter on Oct 17, 2022.
             Was a Believer of Okawaru.
             Slain by a bullfrog (7 damage)
             ... on level 7 of the Dungeon.
             The game lasted 00:19:25 (6847 turns).

themarg the Fighter (Minotaur Fighter)              Turns: 6847, Time: 00:19:26

Health: -2/93      AC: 13    Str: 25    XL:     9   Next: 57%
Magic:  6/8        EV: 10    Int:  5    God:    Okawaru [**....]
Gold:   397        SH: 15    Dex: 10    Spells: 8/8 levels left

rFire   . . .      SeeInvis +    a - +1 flail (vorpal)
rCold   . . .      Faith    .    B - +0 kite shield
rNeg    . . .      Spirit   .    I - +0 chain mail
rPois   +          Reflect  +    (helmet restricted)
rElec   .          Harm     .    (no cloak)
rCorr   .          Rampage  .    s - +0 pair of gloves
Will    .....                    (no boots)
Stlth   ..........               y - amulet of reflection
HPRegen 0.35/turn                A - ring of poison resistance
MPRegen 0.11/turn                D - ring of see invisible

@: heroic, hasted, very quick
A: horns 2, retaliatory headbutt
a: Renounce Religion, Heroism


You were on level 7 of the Dungeon.
You worshipped Okawaru.
Okawaru was pleased with you.
You visited 2 branches of the dungeon, and saw 8 of its levels.

You collected 397 gold pieces.

Inventory:

Hand Weapons
 a - a +1 vorpal flail (weapon)
 b - a +2 sling of flaming
Missiles
 g - 81 stones (quivered)
 o - 16 boomerangs
 u - 2 throwing nets
 C - 3 silver boomerangs
 H - 6 boomerangs of dispersal
Armour
 s - a +0 pair of gloves (worn)
 B - a +0 kite shield (worn)
 I - a +0 chain mail (worn)
Jewellery
 h - a ring of fire
 y - an amulet of reflection (around neck)
 A - a ring of poison resistance (left hand)
 D - a ring of see invisible (right hand)
 F - an amulet of the acrobat
 G - a ring of ice
Wands
 m - a wand of paralysis (10)
Scrolls
 c - 3 scrolls of identify
 e - 2 scrolls of teleportation
 i - 2 scrolls of amnesia {unknown}
 j - 2 scrolls of vulnerability {unknown}
 n - a scroll of poison {unknown}
 t - 3 scrolls of fear {unknown}
 v - 2 scrolls of brand weapon {unknown}
 x - a scroll of butterflies {unknown}
 E - a scroll of immolation {unknown}
 J - a scroll of enchant armour {unknown}
Potions
 d - 6 potions of curing
 f - 4 potions of haste
 k - a potion of cancellation
 l - 2 potions of lignification {unknown}
 p - a potion of flight
 q - a potion of ambrosia
 r - 2 potions of magic {unknown}
 w - a potion of attraction {unknown}
 z - a potion of mutation {unknown}


   Skills:
 + Level 13.5(18.5) Fighting
 - Level 2.4(7.4) Maces & Flails
 + Level 4.9(9.9) Armour
 + Level 3.3(8.3) Dodging
 - Level 5.0(10.0) Shields
 + Level 4.8 Evocations


You had 8 spell levels left.
You didn't know any spells.
Your spell library contained the following spells:

 Spells                   Type           Power      Damage    Failure   Level
 Ensorcelled Hibernation  Hex/Ice        0%         N/A       100%        2
 Passwall                 Tmut/Erth      0%         N/A       100%        2
 Ignite Poison            Fire/Tmut/Pois 0%         N/A       100%        3
 Kindle Blastsparks       Fire/Tloc/Air  0%         2d10      100%        3
 Swiftness                Air            0%         N/A       100%        3
 Freezing Cloud           Conj/Ice/Air   0%         6-21      100%        5


Dungeon Overview and Level Annotations

Branches:
Dungeon (7/15)             Temple (1/1) D:6

Altars:
Ashenzari
Cheibriados
Elyvilon
Fedhas
Gozag
Hepliaklqana
Kikubaaqudgha
Nemelex Xobeh
Okawaru
Qazlal
Ru
Sif Muna
Trog
Uskayaw
Vehumet
Wu Jian
Xom
Yredelemnul
The Shining One

Annotations:
D:5 Grinder


Innate Abilities, Weirdness & Mutations

You have a pair of horns on your head.
You reflexively headbutt those who attack you in melee.


Message History

The bullfrog snags a nearby baby bat with its tongue.
You gain the combat prowess of a mighty hero.
You hit the steam dragon. Your headbutt misses the steam dragon.
The steam dragon is lightly wounded.
The steam dragon breathes steam at you. The ball of steam hits you!!
* * * LOW HITPOINT WARNING * * *
You block the bullfrog's attack. You block the steam dragon's attack.
The steam dragon claws you but does no damage.
You barely miss the steam dragon. Your headbutt misses the steam dragon.
The steam dragon is lightly wounded.
The bullfrog hits you but does no damage.
You block the steam dragon's attack. The steam dragon claws you.
* * * LOW HITPOINT WARNING * * *
You block the bullfrog's attack.
You sock the steam dragon!
The steam dragon is severely wounded.
You block the bullfrog's attack. The steam dragon barely misses you.
You furiously retaliate!
You headbutt the steam dragon, but do no damage.
The steam dragon claws you but does no damage.
The bullfrog hits you but does no damage.
You block the steam dragon's attack. The steam dragon closely misses you.
You closely miss the steam dragon.
The steam dragon is severely wounded.
You block the bullfrog's attack. The steam dragon bites you!
* * * LOW HITPOINT WARNING * * *
The steam dragon claws you but does no damage.
You closely miss the steam dragon.
You headbutt the steam dragon, but do no damage.
The steam dragon is severely wounded.
You block the bullfrog's attack. The bullfrog hits you.
* * * LOW HITPOINT WARNING * * *
The steam dragon bites you.
* * * LOW HITPOINT WARNING * * *
You block the steam dragon's attack.
You feel yourself speed up. You block the bullfrog's attack.
You block the steam dragon's attack. The steam dragon closely misses you.
The bullfrog hits you!
You die...

...##.........# #....
....##.......#..##....
##.#.##.......##.......
###. #.......# ###....
###....### #....
######.....#### ....
#....)........+ #..
F#####)####.....####
##.
#......)...D@...#....
.#
########...F....#.##. #
#.....##.#.# . #
#.......)..#... .
#.)..........# #
#.)......#...... .
#........#.##### #
#).))....#.# #........#
#


You could see a steam dragon and a bullfrog.

Vanquished Creatures
  Pikel (D:7)
  A shadow (D:6)
  A wraith (D:6)
  A yak (D:6)
  A steam dragon (D:7)
  Edmund (D:4)
  2 water moccasins
  2 black bears
  2 ogres
  A phantom (D:7)
  3 lemures (D:7)
  A kobold brigand (D:7)
  2 bullfrogs
  2 gnoll sergeants (D:7)
  A scorpion (D:6)
  A howler monkey (D:5)
  4 jellies
  A gnoll bouda (D:6)
  2 orc priests (D:6)
  3 hounds
  2 iguanas (D:4)
  5 orc wizards
  8 adders
  22 gnolls
  2 shadow imps
  A white imp (D:7)
  2 ufetubi
  3 worms
  4 dart slugs
  28 orcs
  5 bats
  7 endoplasms
  4 giant cockroaches
  13 goblins
  10 hobgoblins
  13 kobolds
  2 quokkas
  8 ball pythons
  2 frilled lizards (D:2)
  9 rats
183 creatures vanquished.

Vanquished Creatures (others)
  4 kobolds (D:7)
  A bush (D:4)
  A plant (D:4)
6 creatures vanquished.

Grand Total: 189 creatures vanquished

Notes
Turn   | Place    | Note
-------+----------+-------------------------------------------
     0 | D:1      | themarg the Minotaur Fighter began the quest for the Orb.
     0 | D:1      | Reached XP level 1. HP: 19/19 MP: 0/0
    99 | D:1      | Reached skill level 4 in Fighting
    99 | D:1      | Reached XP level 2. HP: 17/27 MP: 1/1
   458 | D:1      | Reached XP level 3. HP: 34/34 MP: 2/2
   589 | D:1      | Found a faded altar of an unknown god.
  1568 | D:3      | Reached XP level 4. HP: 35/41 MP: 3/3
  1674 | D:3      | Found a sparkling altar of Nemelex Xobeh.
  1754 | D:3      | Reached skill level 5 in Fighting
  1754 | D:3      | Reached skill level 5 in Shields
  2171 | D:4      | Reached skill level 6 in Fighting
  2171 | D:4      | Reached XP level 5. HP: 35/50 MP: 4/4
  2376 | D:4      | Noticed a black bear
  2380 | D:4      | Killed a black bear
  2381 | D:4      | Reached skill level 7 in Fighting
  2441 | D:4      | Reached XP level 6. HP: 56/60 MP: 5/5
  2685 | D:4      | Reached skill level 8 in Fighting
  3377 | D:5      | Entered Level 5 of the Dungeon
  3452 | D:5      | Reached skill level 9 in Fighting
  3452 | D:5      | Reached XP level 7. HP: 60/70 MP: 6/6
  4239 | D:6      | Reached skill level 10 in Fighting
  4257 | D:6      | Reached skill level 1 in Dodging
  4390 | D:6      | Noticed a yak
  4402 | D:6      | Killed a yak
  4403 | D:6      | Reached skill level 11 in Fighting
  4403 | D:6      | Reached XP level 8. HP: 78/82 MP: 7/7
  4464 | D:6      | Reached skill level 12 in Fighting
  4464 | D:6      | Reached skill level 1 in Evocations
  4660 | D:6      | Noticed Grinder
  4720 | D:6      | Found a staircase to the Ecumenical Temple.
  4725 | Temple   | Entered the Ecumenical Temple
  4853 | Temple   | Became a worshipper of Warmaster Okawaru
  5638 | D:4      | Noticed Edmund
  5653 | D:4      | Killed Edmund
  5848 | D:7      | Found a blossoming altar of Fedhas.
  6188 | D:7      | Noticed Pikel
  6213 | D:7      | Killed Pikel
  6213 | D:7      | Reached * piety under Okawaru
  6214 | D:7      | Reached skill level 13 in Fighting
  6214 | D:7      | Reached XP level 9. HP: 52/93 MP: 8/8
  6716 | D:7      | Reached ** piety under Okawaru
  6846 | D:7      | HP: 4/93 [steam dragon (1)]
  6847 | D:7      | Slain by a bullfrog

Illustrated notes

Levels and vault maps discovered:
D:1:      amcnicky_arrival_gap_in_the_tavern_cellar, layout_rooms,
          shapermc_ecumenical_altar_mp_highgroup, minmay_misc_feat_tiny,
          hex_tiny
D:2:      layout_basic
D:3:      layout_basic, mainiacjoe_overflow_catwalk, st_stairs_3
D:4:      corexii_shantytown, layout_loops_ring, minmay_hedge_maze,
          kennysheep_generic_room_8, uniq_edmund
D:5:      layout_basic, kennysheep_dice
D:6:      hangedman_cross_stitches, layout_rooms,
          minmay_temple_entry_nine_rooms, grunt_ministairs_7, minivault_19,
          minmay_misc_feat_rows, uniq_grinder
D:7:      layout_basic, nicolae_overflow_hidden_temple, uniq_maggie, uniq_pikel
Temple:   minmay_crystal_spiral_temple

Skill      XL: |  1  2  3  4  5  6  7  8  9 |
---------------+----------------------------+-----
Fighting       | 4 6 7 9 11 13 | 13.5
Shields        | 4 5 |  5.0
Dodging        | 2 3 |  3.3
Armour         | 4 |  4.9
Evocations     | 4 |  4.8
Maces & Flails | |  2.4

Action                   |  1- 3 |  4- 6 |  7- 9 || total
-------------------------+-------+-------+-------++-------
Melee: Flail             |    93 |   130 |   299 ||   522
       Headbutt          |    10 |    17 |    59 ||    86
 Fire: Sling             |       |       |     9 ||     9
Invok: Heroism           |       |       |     1 ||     1
  Use: Potion            |     1 |       |     7 ||     8
       Scroll            |       |       |     4 ||     4
Armor: Scale mail        |    45 |    61 |    96 ||   202
       Chain mail        |       |       |    45 ||    45
Dodge: Dodged            |    53 |    56 |    65 ||   174
Block: Buckler           |    18 |    19 |       ||    37
       Kite shield       |       |     2 |   253 ||   255
       Reflection        |       |       |     4 ||     4

Table legend: (Time is in decaauts)
 A = Elapsed time spent in this place.
 B = Non-inter-level travel time spent in this place.
 C = Inter-level travel time spent in this place.
 D = Time resting spent in this place.
 E = Time spent auto-exploring this place.
 F = Levels seen in this place.
 G = Mean time per level.
                   A        B        C        D        E       F      G
               +--------+--------+--------+--------+--------+-----+--------+
         Total |   7063 |   6637 |    426 |    568 |   4659 |   8 |  882.9 |
       Dungeon |   6849 |   6507 |    342 |    568 |   4548 |   7 |  978.4 |
        Temple |    213 |    129 |     84 |      0 |    111 |   1 |  213.0 |
               +--------+--------+--------+--------+--------+-----+--------+

Top non-repeatable levels by time:
     D:4: 1652 daAuts
     D:7: 1087 daAuts
     D:6: 1011 daAuts
     D:5: 1006 daAuts
     D:2: 799 daAuts
     D:3: 646 daAuts
     D:1: 645 daAuts
  Temple: 213 daAuts
